[Event "Reykjavik Open 2025"]
[Site "Reykjavik"]
[Date "2025.04.11"]
[Round "4.34"]
[White "Vedant Nayudu"]
[Black "Saine, Zachary"]
[Result "0-1"]
[Annotator "NA"]
[ECO "C50"]
[WhiteElo "1789"]
[BlackElo "2019"]
[PlyCount "78"]
[EventDate "2025.04.09"]
[EventType "swiss"]
[EventCountry "ISL"]
[SourceTitle "playchess.com"]
[Source "ChessBase"]
[SourceQuality "1"]
[TimeControl "40/5400+30:1800+30"]

1. e4 e5 2. Nf3 Nc6 3. Bc4 Bc5 4. O-O Nf6 5. d4 Bxd4 6. Nxd4 Nxd4 7. Bg5 h6 8. Bh4 d6 9. f4 Bg4 10. Bxf6 Bxd1 11. Bxd8 Rxd8 12. c3 Nc2 13. Rxd1 Nxa1 14. Na3 exf4 15. Rxa1 g5 16. Nb5 c6 17. Nd4 Ke7 18. Re1 Kf6 19. Bd3 Rhe8 20. Kf2 d5 21. Nf3 dxe4 22. Bxe4 g4 23. Nd4 c5 24. Nb3 b6 25. Re2 Kg5 26. Nc1 Rd1 27. Nb3 f5 28. Bc2 Rxe2+ 29. Kxe2 Rh1 30. Kf2 Rxh2 31. Kg1 Rh5 32. Nd2 f3 33. gxf3 g3 34. Nf1 Kf4 35. b4 Rg5 36. Bd1 h5 37. Nd2 h4 38. bxc5 h3 39. cxb6 h2+ 0-1

[Event "Reykjavik Open 2025"]
[Site "Reykjavik"]
[Date "2025.04.11"]
[Round "4.36"]
[White "Licznerski, Lukasz"]
[Black "Shafer, Logan C"]
[Result "1/2-1/2"]
[Annotator "RC"]
[ECO "B20"]
[WhiteElo "2436"]
[BlackElo "2193"]
[PlyCount "130"]
[EventDate "2025.04.09"]
[EventType "swiss"]
[EventCountry "ISL"]
[SourceTitle "playchess.com"]
[Source "ChessBase"]
[SourceQuality "1"]
[TimeControl "40/5400+30:1800+30"]

1. e4 c5 2. Ne2 Nf6 3. Nbc3 d5 4. exd5 Nxd5 5. Nxd5 Qxd5 6. d4 e5 7. Nc3 Qxd4 8. Be3 Bg4 9. Bxd4 Bxd1 10. Bxe5 Bxc2 11. Rc1 Bf5 12. Nb5 Nc6 13. Bxg7 Bxg7 14. Nd6+ Kd7 15. Nxf5 Rhe8+ 16. Be2 Bd4 17. Rc2 Re5 18. g4 Rae8 19. Kf1 a6 20. Bf3 Re1+ 21. Kg2 Rxh1 22. Kxh1 Re1+ 23. Kg2 Be5 24. Rxc5 Bxb2 25. Bxc6+ bxc6 26. Ra5 Be5 27. Rxa6 c5 28. Ra7+ Kc6 29. Ne3 Bd4 30. Nc2 Re2 31. Nxd4+ cxd4 32. Rxf7 Re8 33. Rf3 Kc5 34. h4 Kc4 35. Rf7 d3 36. Rxh7 d2 37. Rd7 Kc3 38. Kf3 Re7 39. Rd8 Re8 40. Rd7 Re7 41. Rd5 Re5 42. Rxd2 Kxd2 43. h5 Kd3 44. Kf4 Re2 45. f3 Rxa2 46. h6 Ra4+ 47. Kf5 Ra5+ 48. Kg6 Ke3 49. h7 Ra8 50. g5 Kf4 51. Kh6 Kf5 52. g6 Kf6 53. f4 Rb8 54. g7 Rb1 55. g8=N+ Kf7 56. Nf6 Rb8 57. Nd7 Rd8 58. Ne5+ Kf6 59. Ng6 Kf5 60. Kg7 Rd7+ 61. Kh6 Rd8 62. Kh5 Re8 63. Ne7+ Kf6 64. Kh6 Kxe7 65. Kg7 Ke6 1/2-1/2

[Event "Reykjavik Open 2025"]
[Site "Reykjavik"]
[Date "2025.04.11"]
[Round "4.37"]
[White "Ornolfsson, Magnus P."]
[Black "Prraneeth Vuppala"]
[Result "0-1"]
[Annotator "ChessBase"]
[ECO "A46"]
[WhiteElo "2174"]
[BlackElo "2433"]
[PlyCount "48"]
[EventDate "2025.04.09"]
[EventType "swiss"]
[EventCountry "ISL"]
[SourceTitle "playchess.com"]
[Source "ChessBase"]
[SourceQuality "1"]
[TimeControl "40/5400+30:1800+30"]

1. d4 Nf6 2. Nf3 e6 3. g3 b5 4. Bg2 Bb7 5. O-O Be7 6. a4 b4 7. a5 O-O 8. c4 a6 9. Nbd2 d6 10. Nb3 Nbd7 11. Bf4 Ne4 12. Qc2 f5 13. h4 h6 14. Rfd1 Ndf6 15. Nfd2 Qe8 16. Nxe4 Bxe4 17. Qd2 Bxg2 18. Kxg2 g5 19. hxg5 hxg5 20. Be3 f4 21. Bxf4 gxf4 22. Qxf4 Qg6 23. Rf1 Ng4 24. Qd2 Qe4+ 0-1

[Event "Reykjavik Open 2025"]
[Site "Reykjavik"]
[Date "2025.04.11"]
[Round "4.38"]
[White "Niermann, Tristan"]
[Black "Harish, Neeraj"]
[Result "1-0"]
[Annotator "RC"]
[ECO "E14"]
[WhiteElo "2427"]
[BlackElo "2169"]
[PlyCount "89"]
[EventDate "2025.04.09"]
[EventType "swiss"]
[EventCountry "ISL"]
[SourceTitle "playchess.com"]
[Source "ChessBase"]
[SourceQuality "1"]
[TimeControl "40/5400+30:1800+30"]

1. c4 e6 2. Nf3 d5 3. e3 Nf6 4. Nc3 Be7 5. b3 O-O 6. Bb2 b6 7. cxd5 exd5 8. d4 Bb7 9. Bd3 Nbd7 10. O-O Re8 11. Rc1 a6 12. Qc2 Bd6 13. Ne2 Ne4 14. Ng3 g6 15. Ne5 Ndf6 16. Nc6 Qd7 17. b4 h5 18. b5 axb5 19. Bxb5 Ba6 20. a4 Bxb5 21. axb5 h4 22. Nxe4 Nxe4 23. f3 Ng5 24. e4 Bf4 25. Rce1 Qd6 26. e5 Qd7 27. Qf2 Kg7 28. Qxh4 Qf5 29. Bc1 Bxc1 30. Rxc1 Rh8 31. Qg3 Rh5 32. Ne7 Qd7 33. Nc6 Rah8 34. Qf4 Qf5 35. Qxf5 gxf5 36. h3 Ne6 37. f4 Ra8 38. Rf2 Ra4 39. Ne7 Kf8 40. Nxd5 Rxd4 41. Nxc7 Nxf4 42. Rc6 Rg5 43. Kh2 Rd1 44. e6 Nxe6 45. Rxe6 1-0

[Event "Reykjavik Open 2025"]
[Site "Reykjavik"]
[Date "2025.04.11"]
[Round "4.39"]
[White "Tscheuschner, Georg"]
[Black "Fantinel, Thibault"]
[Result "1/2-1/2"]
[Annotator "RC"]
[ECO "E60"]
[WhiteElo "2168"]
[BlackElo "2411"]
[PlyCount "159"]
[EventDate "2025.04.09"]
[EventType "swiss"]
[EventCountry "ISL"]
[SourceTitle "playchess.com"]
[Source "ChessBase"]
[SourceQuality "1"]
[TimeControl "40/5400+30:1800+30"]

1. Nf3 g6 2. d4 Nf6 3. c4 Bg7 4. g3 d6 5. Nc3 Bf5 6. Bg2 Ne4 7. Nh4 Nxc3 8. bxc3 Bc8 9. O-O O-O 10. f4 Nd7 11. f5 e6 12. fxe6 fxe6 13. Rxf8+ Qxf8 14. Qb3 a5 15. c5 dxc5 16. Qxe6+ Qf7 17. Bd5 Qxe6 18. Bxe6+ Kh8 19. Nf3 cxd4 20. Nxd4 Nc5 21. Bxc8 Rxc8 22. Rb1 Ne4 23. Rxb7 Nxc3 24. Be3 Nd1 25. Nc2 Nxe3 26. Nxe3 Bd4 27. Rb3 c5 28. Rd3 Kg7 29. Kf1 Rf8+ 30. Ke1 Rb8 31. Nc4 Rb4 32. Nxa5 Rb1+ 33. Kd2 Rb2+ 34. Kd1 Rxa2 35. Nc4 Ra4 36. Na3 Kf6 37. Nc2 Ke5 38. Nxd4 Ra1+ 39. Kd2 cxd4 40. Rf3 Rh1 41. h4 Rg1 42. Kd3 Ra1 43. Kd2 h6 44. Rb3 Rg1 45. Rf3 g5 46. hxg5 hxg5 47. Ra3 Ke4 48. Rb3 g4 49. Rb8 Rxg3 50. Re8+ Kf5 51. Rf8+ Kg5 52. Rg8+ Kf6 53. Rf8+ Kg5 54. Rg8+ Kh6 55. Rh8+ Kg6 56. Rg8+ Kf7 57. Rd8 Ra3 58. Ke1 Ra4 59. Rd6 g3 60. Kf1 Ke7 61. Rg6 Ra1+ 62. Kg2 Ra2 63. Kf3 Ra3+ 64. Ke4 Kf7 65. Rg4 Kf6 66. Rg8 Rb3 67. Rg4 Re3+ 68. Kxd4 Kf5 69. Rg8 Re4+ 70. Kd3 Rg4 71. e4+ Kf4 72. Rf8+ Kg5 73. Rg8+ Kf4 74. Rf8+ Ke5 75. Rf5+ Ke6 76. Rf1 g2 77. Rg1 Ke5 78. Ke3 Rxe4+ 79. Kf3 Rb4 80. Rxg2 1/2-1/2

[Event "Reykjavik Open 2025"]
[Site "Reykjavik"]
[Date "2025.04.11"]
[Round "4.40"]
[White "Tahay, Alexis"]
[Black "Villiers, Thomas"]
[Result "1-0"]
[Annotator "ChessBase"]
[ECO "C11"]
[WhiteElo "2397"]
[BlackElo "2154"]
[PlyCount "127"]
[EventDate "2025.04.09"]
[EventType "swiss"]
[EventCountry "ISL"]
[SourceTitle "playchess.com"]
[Source "ChessBase"]
[SourceQuality "1"]
[TimeControl "40/5400+30:1800+30"]

1. e4 e6 2. d4 d5 3. Nc3 Nf6 4. e5 Nfd7 5. f4 c5 6. Nf3 Nc6 7. Be3 Be7 8. Qd2 O-O 9. dxc5 Qa5 10. a3 Bxc5 11. Bxc5 Nxc5 12. O-O-O a6 13. Qe3 Qb6 14. Nd4 Rd8 15. Be2 Ne4 16. Nxe4 dxe4 17. Nf5 Qxe3+ 18. Nxe3 Kf8 19. Rxd8+ Nxd8 20. Nc4 b5 21. Rd1 Ke7 22. Nd6 Bb7 23. Nxb7 Nxb7 24. Rd4 Nc5 25. Kd2 Rd8 26. Rxd8 Kxd8 27. b4 Nb7 28. Ke3 Kc7 29. Kxe4 f5+ 30. Kd4 Nd8 31. g4 g6 32. gxf5 gxf5 33. Bh5 Nc6+ 34. Ke3 a5 35. c3 axb4 36. cxb4 Ne7 37. Bf3 Ng6 38. Be2 Kc6 39. Bh5 Ne7 40. Be8+ Kb6 41. Bd7 Nd5+ 42. Kf3 Nc7 43. Kg3 h6 44. Kh4 Nd5 45. Bxe6 Nxf4 46. Bxf5 Kc6 47. Kg4 Ne2 48. Be4+ Kd7 49. Bd3 Nd4 50. Kf4 Ke6 51. Ke4 Nc6 52. Bxb5 Nxe5 53. Be2 Kd6 54. Kd4 Nd7 55. a4 Nb6 56. a5 Nd5 57. b5 Nf4 58. Bf3 Ne6+ 59. Kc4 Nd8 60. b6 Nf7 61. Kb5 Ne5 62. Be4 Ng4 63. a6 Nxh2 64. b7 1-0

[Event "Reykjavik Open 2025"]
[Site "Reykjavik"]
[Date "2025.04.11"]
[Round "4.41"]
[White "Kirk, Ezra"]
[Black "Ptacnikova, Lenka"]
[Result "1-0"]
[Annotator "ChessBase"]
[ECO "D41"]
[WhiteElo "2394"]
[BlackElo "2142"]
[PlyCount "63"]
[EventDate "2025.04.09"]
[EventType "swiss"]
[EventCountry "ISL"]
[SourceTitle "playchess.com"]
[Source "ChessBase"]
[SourceQuality "1"]
[TimeControl "40/5400+30:1800+30"]

1. d4 Nf6 2. Nf3 d5 3. c4 e6 4. Nc3 c5 5. cxd5 Nxd5 6. e4 Nxc3 7. bxc3 cxd4 8. cxd4 Nd7 9. Bd2 Be7 10. Bd3 O-O 11. Qe2 b6 12. h4 e5 13. d5 Bd6 14. h5 Nc5 15. h6 g6 16. O-O Bg4 17. Qe3 f6 18. Bb5 Rf7 19. a4 Rb8 20. a5 a6 21. Bc6 b5 22. Rfc1 Na4 23. Nh2 Bc8 24. Ra2 Qf8 25. Rac2 Ba3 26. Be8 Bxc1 27. Bxf7+ Qxf7 28. Rxc1 Bb7 29. Bb4 Rc8 30. Ng4 Nb2 31. Rxc8+ Bxc8 32. Qb6 1-0

[Event "Reykjavik Open 2025"]
[Site "Reykjavik"]
[Date "2025.04.11"]
[Round "4.42"]
[White "Pattnayak Nilsu"]
[Black "Terrieux, Kevin"]
[Result "0-1"]
[Annotator "ChessBase"]
[ECO "B51"]
[WhiteElo "2146"]
[BlackElo "2394"]
[PlyCount "104"]
[EventDate "2025.04.09"]
[EventType "swiss"]
[EventCountry "ISL"]
[SourceTitle "playchess.com"]
[Source "ChessBase"]
[SourceQuality "1"]
[TimeControl "40/5400+30:1800+30"]

1. e4 c5 2. Nf3 d6 3. Bb5+ Nd7 4. O-O a6 5. Bd3 Ngf6 6. c3 b5 7. Bc2 Bb7 8. Re1 c4 9. a4 e5 10. axb5 axb5 11. Rxa8 Qxa8 12. Na3 Be7 13. Nxb5 O-O 14. Qe2 Rc8 15. d3 cxd3 16. Bxd3 Nc5 17. Bg5 Bxe4 18. Bxe4 Ncxe4 19. Bc1 Qa4 20. Na3 d5 21. Nxe5 Bxa3 22. bxa3 Rxc3 23. Ng4 Nxg4 24. Qxg4 Qc2 25. Qf4 g5 26. Qb8+ Kg7 27. Qb2 d4 28. f3 Nc5 29. Qxc2 Rxc2 30. Bxg5 Ne6 31. Bh4 Ra2 32. Rd1 Rxa3 33. Bf2 Ra4 34. g3 Kf6 35. Re1 Ra3 36. Kg2 Ra2 37. f4 Nc5 38. Kf1 Rxf2+ 39. Kxf2 Nd3+ 40. Ke2 Nxe1 41. Kxe1 Kf5 42. Kd2 Ke4 43. Ke2 h5 44. f5 Kxf5 45. Kf3 Ke5 46. g4 h4 47. h3 f6 48. Ke2 Kf4 49. Kd3 Kg3 50. Kxd4 Kxh3 51. Ke4 Kxg4 52. Ke3 Kg3 0-1

[Event "Reykjavik Open 2025"]
[Site "Reykjavik"]
[Date "2025.04.11"]
[Round "4.43"]
[White "Willems, Niels"]
[Black "Arruebarrena Rodriguez, Rafael"]
[Result "1-0"]
[Annotator "ChessBase"]
[ECO "A21"]
[WhiteElo "2394"]
[BlackElo "2129"]
[PlyCount "67"]
[EventDate "2025.04.09"]
[EventType "swiss"]
[EventCountry "ISL"]
[SourceTitle "playchess.com"]
[Source "ChessBase"]
[SourceQuality "1"]
[TimeControl "40/5400+30:1800+30"]

1. c4 e5 2. Nc3 Bb4 3. Qc2 Nf6 4. Nf3 Bxc3 5. bxc3 d6 6. e4 O-O 7. g3 Nc6 8. Bg2 h6 9. O-O Be6 10. d3 a6 11. a4 Na5 12. Nh4 c6 13. Rb1 d5 14. cxd5 cxd5 15. Be3 Qd7 16. Bb6 Nc6 17. Rfd1 Rfc8 18. Qb2 Rab8 19. a5 Qe7 20. h3 dxe4 21. dxe4 Nd7 22. Nf5 Bxf5 23. exf5 Nxb6 24. Qxb6 Qc7 25. Rd5 Ne7 26. Qxc7 Rxc7 27. Rxe5 f6 28. Re6 Kf7 29. Reb6 Rc5 30. Bxb7 Rd8 31. Rxa6 Rd2 32. Be4 Ra2 33. Rb7 Raxa5 34. Re6 1-0

[Event "Reykjavik Open 2025"]
[Site "Reykjavik"]
[Date "2025.04.11"]
[Round "4.44"]
[White "Burgalat, Eliot"]
[Black "Thorfinnsson, Bjorn"]
[Result "1/2-1/2"]
[Annotator "RC"]
[ECO "C90"]
[WhiteElo "2119"]
[BlackElo "2386"]
[PlyCount "130"]
[EventDate "2025.04.09"]
[EventType "swiss"]
[EventCountry "ISL"]
[SourceTitle "playchess.com"]
[Source "ChessBase"]
[SourceQuality "1"]
[TimeControl "40/5400+30:1800+30"]

1. e4 e5 2. Nf3 Nc6 3. Bb5 a6 4. Ba4 Nf6 5. O-O Be7 6. Re1 b5 7. Bb3 d6 8. c3 Na5 9. Bc2 c5 10. h3 Qc7 11. d4 Bd7 12. d5 Rg8 13. Bg5 h6 14. Bxf6 Bxf6 15. Nbd2 g6 16. b4 Nb7 17. a4 Ke7 18. Nf1 Rgc8 19. Ne3 cxb4 20. cxb4 a5 21. axb5 axb4 22. Rb1 Ra3 23. Rxb4 Rxe3 24. Rxe3 Qxc2 25. Qxc2 Rc6 26. Qc3 Rxc3 27. b6 Rc2 28. Reb3 Bc8 29. Ra3 Kd7 30. Ra7 Bd8 31. Kf1 f5 32. Ke1 fxe4 33. Nd2 Rc5 34. Nxe4 Rxd5 35. Rc4 Rb5 36. Nxd6 Rb1+ 37. Ke2 Bxb6 38. Nxc8 Rb2+ 39. Kd3 Bxa7 40. Nxa7 Nd6 41. Rg4 g5 42. h4 Rb3+ 43. Kc2 Ra3 44. hxg5 Rxa7 45. gxh6 Ke6 46. Rg6+ Kd5 47. Rg7 Ra1 48. h7 Rh1 49. g4 Nb5 50. g5 Nd4+ 51. Kd2 Ne6 52. Rd7+ Kc6 53. Rf7 Nxg5 54. Rf5 Ne4+ 55. Kd3 Nc5+ 56. Kc4 Rc1+ 57. Kb4 Nd3+ 58. Kb3 Nc5+ 59. Kb4 Rh1 60. Kc4 Nd7 61. f4 Rh4 62. h8=Q Rxh8 63. fxe5 Rh4+ 64. Kc3 Kd5 65. e6+ Kxe6 1/2-1/2

[Event "Reykjavik Open 2025"]
[Site "Reykjavik"]
[Date "2025.04.14"]
[Round "8.1"]
[White "Maghsoodloo, Parham"]
[Black "Royal, Shreyas"]
[Result "1-0"]
[Annotator "TA"]
[ECO "A33"]
[WhiteElo "2684"]
[BlackElo "2465"]
[PlyCount "37"]
[EventDate "2025.04.09"]
[EventType "swiss"]
[EventCountry "ISL"]
[SourceTitle "playchess.com"]
[Source "ChessBase"]
[SourceQuality "1"]
[TimeControl "40/5400+30:1800+30"]

1. c4 c5 2. Nc3 Nf6 3. Nf3 Nc6 4. d4 cxd4 5. Nxd4 e6 6. g3 Qb6 7. Nb3 Ne5 8. e4 Bb4 9. Qe2 {[%emt 0:03:09] next f4 is good for White.} Bxc3+ {[%emt 0:01:18] A33: Symmetrical English: 2 Nf3 Nf6 3 d4 cxd4 4 Nxd4 e6 5 Nc3 Nc6.} ({Better is} 9... d6 $1 $11) 10. bxc3 $14 {[%emt 0:00:13] Threatens to win with f4.} d6 $1 11. f4 Nc6 (11... Ng6 $142) 12. Ba3 $16 e5 (12... Na5 $16 {was called for.}) 13. Bxd6 $18 Bg4 $146 {[%emt 0:03:07] [#]} (13... exf4 14. c5 Qa6 15. Qxa6 bxa6 16. e5 Ng4 17. Bg2 Bd7 18. gxf4 Ne3 19. Be4 Rc8 {1-0 Ivanchuk,V (2714)-Sokolov,I (2610) Hoogovens Wijk aan Zee 1999 (4)}) 14. Qd3 a5 15. c5 ({Worse is} 15. Bxe5 Nxe5 16. fxe5 Nd7 $11) (15. fxe5 $6 Nd7 16. c5 Qd8 $18) 15... Qa7 (15... Qd8 $142 16. Nd2 (16. fxe5 Nd7 $18) 16... exf4) 16. f5 {[%emt 0:02:25] White is clearly winning.} ({Weaker is} 16. fxe5 Nd7 17. Qe3 Ndxe5 $18) 16... a4 17. Nd2 Nd7 18. h3 Nxc5 19. Qe3 {[%emt 0:02:54] White took control after the opening.   Weighted Error Value: White=0.00 (flawless) /Black=0.72  Mistake:       	---       	Black=3      OK:         	White=6     	---        Best:        	White=2     	---        Strong:       	---       	Black=1} 1-0

[Event "Reykjavik Open 2025"]
[Site "Reykjavik"]
[Date "2025.04.14"]
[Round "8.2"]
[White "Muradli, Mahammad"]
[Black "Ivanchuk, Vasyl"]
[Result "1/2-1/2"]
[Annotator "TA"]
[ECO "D38"]
[WhiteElo "2588"]
[BlackElo "2604"]
[PlyCount "116"]
[EventDate "2025.04.09"]
[EventType "swiss"]
[EventCountry "ISL"]
[SourceTitle "playchess.com"]
[Source "ChessBase"]
[SourceQuality "1"]
[TimeControl "40/5400+30:1800+30"]

1. d4 Nf6 2. c4 e6 3. Nf3 d5 4. Nc3 Bb4 5. Qa4+ Nc6 6. a3 Bxc3+ 7. bxc3 Bd7 8. cxd5 {[%emt 0:04:03] D38: Queen's Gambit Declined: Ragozin Defence (4 Nf3 Bb4).} exd5 9. Bg5 h6 10. Bxf6 {[%emt 0:05:48] White has an edge.} (10. Bh4 $5) 10... Qxf6 11. e3 O-O 12. Bd3 Bg4 13. Nd2 $146 (13. Qd1 Na5 14. h3 Bxf3 15. Qxf3 Qxf3 16. gxf3 c5 17. Rb1 a6 18. Rb6 Rac8 19. Kd2 {½-½ Mikaelyan,A (2507)-Antipov,M (2600) North American op 32nd 2022 (4)}) 13... Bf5 14. Be2 a6 15. Qb3 Qd6 16. O-O b5 17. a4 Na5 18. Qb4 Nc4 19. Qxd6 cxd6 20. Ra2 Nxd2 21. Rxd2 bxa4 22. Ra2 Rfb8 23. Rxa4 Rb2 24. Bf3 (24. Bxa6 Bd3 $17) (24. Rxa6 Rab8 25. Bf3 Bd3 $17) 24... Rc8 25. Ra3 (25. Bxd5 Bd3 26. c4 (26. Rc1 Rxc3 27. Raa1 Rxc1+ 28. Rxc1 Bc2 $15) 26... Bxf1 27. Kxf1 Rb6) (25. h4 $16) 25... Bd3 $11 26. Rc1 Bc4 27. g4 Rc6 (27... f5 $11) 28. Ra5 $14 Rb5 29. Rxb5 axb5 {[%emt 0:00:02][%mdl 4096] Endgame KRB-KRB} 30. Ra1 {[%emt 0:00:11] Inhibits Ra6.} Kf8 31. Ra7 Bb3 32. Ra5 Bc4 33. h4 g5 34. h5 Ke7 35. Kg2 {[%emt 0:00:43] White is more active.} ({White should play} 35. Ra7+ $16 Ke6 36. Ra8) 35... Rc8 36. Kg3 Ke6 37. Bg2 Bd3 38. Ra3 Rc4 39. f4 Ra4 40. f5+ {[%emt 0:00:41] [#]} (40. Rb3 $1 $11 {and White is okay.}) 40... Kf6 $2 ({Black should play} 40... Kd7 $1 $19 41. Rxa4 bxa4 42. Bxd5 Bc2) 41. Rb3 $11 Bc4 42. Rb1 Ra3 43. Bf1 Rxc3 44. Kf3 {[%emt 0:00:27] [#]} b4 $1 45. Bxc4 Rxc4 {[%emt 0:00:01] KR-KR. Black is a pawn up.} ({Not} 45... dxc4 46. Rxb4 Rc2 47. Rb6 $18) 46. Ra1 Rc7 47. Ke2 (47. Ra2 $11 {keeps the balance.}) 47... Ke7 (47... Rc2+ $17 48. Kd3 Rg2) 48. Kd2 Kd7 49. Ra6 b3 50. Rb6 Rc2+ 51. Kd3 Rb2 52. Kc3 Rg2 53. Rxb3 Rxg4 54. Rb7+ Ke8 {[%emt 0:00:02] Hoping for ...Rh4.} 55. f6 Re4 {[%emt 0:00:25] Wards off Re7+} (55... Rg3 $15 56. Re7+ Kf8) 56. Kd3 {[%emt 0:00:02] The position is equal.} Re6 57. Rb8+ Kd7 58. Rb7+ Ke8 {[%emt 0:00:05] Weighted Error Value: White=0.15 (very precise) /Black=0.18 (very precise)   Loses game:     	White=1     	---        Missed win:     	---       	Black=1      Mistake:       	White=3     	Black=3      Inaccurate:     	White=2     	Black=3      OK:         	White=19    	Black=20     Best:        	White=7     	Black=6} 1/2-1/2

[Event "Reykjavik Open 2025"]
[Site "Reykjavik"]
[Date "2025.04.14"]
[Round "8.3"]
[White "Lu, Shanglei"]
[Black "Safarli, Eltaj"]
[Result "1-0"]
[Annotator "TA"]
[ECO "C54"]
[WhiteElo "2618"]
[BlackElo "2617"]
[PlyCount "83"]
[EventDate "2025.04.09"]
[EventType "swiss"]
[EventCountry "ISL"]
[SourceTitle "playchess.com"]
[Source "ChessBase"]
[SourceQuality "1"]
[TimeControl "40/5400+30:1800+30"]

1. e4 e5 2. Nf3 Nc6 3. Bc4 Bc5 4. c3 Nf6 5. d3 h6 6. O-O d6 7. b4 Bb6 8. a4 a6 9. Re1 {[%emt 0:03:20] C54: Giuoco Piano: 4 c3 Nf6, main lines with 5 d4 and 5 d3.} O-O 10. Nbd2 Ne7 11. Qc2 $1 $146 {[%emt 0:08:24][%mdl 8] White is slightly better. An important novelty.} (11. a5 $5 Ba7 $8 12. Nf1 $11) (11. a5 Ba7 12. Nf1 Be6 13. Ba2 Ng6 14. Be3 Bxe3 15. Nxe3 Qd7 16. Bb1 c6 17. d4 {½-½ Kramnik,V (2753)-Martinez Alcantara,J (2612) London Clash of Claims m blitz 2024 (15)}) 11... Ng6 12. d4 Re8 13. Bb2 c6 14. Bd3 Bc7 15. h3 Nh7 16. Bf1 Ng5 17. c4 a5 18. b5 c5 19. dxc5 dxc5 20. Nxg5 Qxg5 21. Ra3 Nf4 22. Rg3 Qh5 23. Nb1 Ne6 24. Nc3 Nd4 25. Qc1 Be6 26. Nd5 Bd8 {[%emt 0:00:18][%cal Bc7d8,Bd8g5,Bg5f4][%mdl 32] Prevents Nf6+} 27. Bxd4 cxd4 28. c5 {[%emt 0:01:07] White is much more active.} (28. Be2 $16 Qh4 29. c5) 28... Bxd5 (28... Rc8 $1 $11 {remains equal.}) 29. Be2 $40 {[%emt 0:02:56][%cal Bf1e2,Be2f3,Bf3e4][%mdl 160] White attacks with force.} (29. exd5 e4) 29... Qh4 (29... Bg5 $16 {might work better.}) 30. exd5 $18 Bg5 {[%emt 0:04:57] [#]} 31. Qc4 (31. Rg4 Bxc1 (31... Qxg4 32. Bxg4 Bxc1 33. Rxc1 $15) 32. Rxh4 Ba3 $16) 31... Bf4 32. Rg4 Qf6 33. d6 Rad8 {[%emt 0:01:30] Black is weak on the light squares} 34. Bf3 d3 $2 (34... b6 35. c6 (35. cxb6 Qxd6 36. g3 Bd2 $16) 35... Qxd6) 35. Qxd3 {[%emt 0:02:57] White is clearly winning.} e4 36. Bxe4 ({And not} 36. Rxe4 Qa1+ 37. Qf1 Bh2+ 38. Kxh2 Qxf1 $17) 36... h5 {[%emt 0:00:11] [#]} 37. Rxf4 Qxf4 38. Qd5 h4 39. Qxb7 Qg5 40. d7 Re7 41. c6 {[%emt 0:30:13] Qc8 is the strong threat.} Qd2 42. Rf1 {[%emt 0:00:18] Weighted Error Value: White=0.06 (flawless) /Black=0.60  Mistake:       	White=1     	Black=3      Inaccurate:     	White=2     	Black=3      OK:         	White=17    	Black=8      Best:        	White=3     	---        Brilliant:      	White=1     	---} 1-0

[Event "Reykjavik Open 2025"]
[Site "Reykjavik"]
[Date "2025.04.14"]
[Round "8.4"]
[White "Banusz, Tamas"]
[Black "Sivuk, Vitaly"]
[Result "1/2-1/2"]
[Annotator "TA"]
[ECO "A08"]
[WhiteElo "2592"]
[BlackElo "2505"]
[PlyCount "100"]
[EventDate "2025.04.09"]
[EventType "swiss"]
[EventCountry "ISL"]
[SourceTitle "playchess.com"]
[Source "ChessBase"]
[SourceQuality "1"]
[TimeControl "40/5400+30:1800+30"]

1. Nf3 Nf6 2. g3 d5 3. Bg2 c5 4. O-O g6 5. c4 Bg7 6. Qa4+ {[%emt 0:00:18] A08: King's Indian Attack.} Qd7 7. Qxd7+ Nbxd7 8. cxd5 {[%emt 0:00:10] White has an edge.} Nxd5 9. Nc3 e6 $146 {[%emt 0:01:59] [#]} (9... N7f6 10. Ng5 e6 11. Nge4 Nxe4 12. Bxe4 Nf6 13. Bg2 Rb8 14. d4 cxd4 15. Bf4 Ra8 {1-0 Artemiev,V (2714)-Lagno,K (2542) Moscow Region Group Cup rapid 2023 (11)}) 10. d4 $1 b6 11. Nxd5 exd5 12. Rd1 Bb7 13. Be3 c4 (13... O-O $14) 14. Nd2 $16 b5 15. a4 a6 (15... b4 16. Nxc4 O-O 17. Na5 $18) 16. axb5 axb5 17. Rxa8+ Bxa8 18. Ra1 O-O 19. Ra5 Bc6 20. Nb1 Nb6 21. Nc3 (21. Ra6 $14 Rb8 22. Bf4) 21... b4 $11 22. Nxd5 (22. Bxd5 Ra8 (22... bxc3 23. Bxc6 Rc8 24. bxc3 $11) 23. Rc5 (23. Rxa8+ $2 Bxa8 24. Bxa8 bxc3 $19) 23... bxc3 24. Rxc6 Nxd5) 22... Bxd5 23. Bxd5 Rd8 24. Be4 Bxd4 25. Rb5 Bxe3 ({Black should play} 25... b3 $1 $11 26. Bxd4 (26. Rxb6 Bxb6 27. Bxb6 Rd1+ 28. Kg2 c3 $19) 26... Rxd4 27. Rxb6 Rxe4 28. Rb8+ Kg7) 26. fxe3 {[%emt 0:00:20][%mdl 4096] Endgame KRB-KRN} Rd1+ 27. Kf2 Nd7 28. Rxb4 Nf6 29. Bf3 (29. Rxc4 $2 {loses.} Ng4+ 30. Kf3 Ne5+ (30... Nxh2+ 31. Kf4 $16) 31. Kf2 Nxc4 $19) 29... Rc1 30. Rb6 Kg7 31. Rb7 c3 32. bxc3 Rxc3 33. h3 Rc4 34. g4 h6 35. Ra7 Ne4+ 36. Bxe4 (36. Kg2 $14 {feels stronger.}) 36... Rxe4 $14 {[%emt 0:00:06] KR-KR. White is a pawn up. The position is equal.} 37. Kf3 Rb4 38. Ra5 g5 39. h4 gxh4 40. Rh5 Kg6 41. Rxh4 Rb1 42. Rh5 Rf1+ 43. Kg2 Re1 44. Kf2 Ra1 45. Rb5 Rh1 46. e4 Rh3 47. e5 h5 48. gxh5+ Rxh5 49. Kf3 Rh4 50. e4 Kg7 {[%emt 0:00:28] Weighted Error Value: White=0.05 (flawless) /Black=0.06 (flawless)   Mistake:       	White=2     	Black=2      Inaccurate:     	White=1     	---        OK:         	White=23    	Black=13     Best:        	White=1     	Black=5} 1/2-1/2